 Dungeon Crawl Stone Soup version 0.22-a0-247-gbddf880 (webtiles) character file.

412 Azzok the Skirmisher (level 6, -2/66 HPs)
             Began as a Gargoyle Berserker on Feb 26, 2018.
             Was a Priest of Trog.
             Killed by divine providence
             ... invoked by an orc priest
              (13 damage)
             ... on level 3 of the Dungeon.
             The game lasted 00:06:11 (3028 turns).

Azzok the Skirmisher (Gargoyle Berserker)           Turns: 3028, Time: 00:06:12

Health: -2/66      AC:  9    Str: 26    XL:     6   Next: 90%
Magic:  6/6        EV: 11    Int:  9    God:    Trog [***...]
Gold:   59         SH:  0    Dex:  9    Spells: 5/5 levels left

rFire    . . .     SeeInvis .   o - +3 quarterstaff (chaos)
rCold    . . .     Gourm    .   (shield currently unavailable)
rNeg     + . .     Faith    .   b - +0 animal skin
rPois    ∞         Spirit   .   (no helmet)
rElec    +         Reflect  .   p - +2 cloak
rCorr    .         Harm     .   (no gloves)
MR       .....                  (no boots)
Stlth    ..........             (no amulet)
HPRegen  0.21/turn              (no ring)
MPRegen  0.10/turn              (no ring)

@: berserking (expiring), heavily drained, very quick
A: negative energy resistance 1, electricity resistance, unbreathing,
petrification resistance, rot immunity, AC +4
a: Berserk, Trog's Hand, Renounce Religion


You were on level 3 of the Dungeon.
You worshipped Trog.
Trog was most pleased with you.
You were very hungry.

You visited 1 branch of the dungeon, and saw 4 of its levels.

You collected 59 gold pieces.

Inventory:

Hand Weapons
 a - a +0 falchion
 f - a +0 shortbow
 o - a +3 quarterstaff of chaos (weapon)
Armour
 b - a +0 animal skin (worn)
 p - a +2 cloak (worn)
Scrolls
 d - 2 scrolls of identify {unknown}
 e - a scroll of fear {unknown}
 h - 4 scrolls of remove curse {unknown}
 j - 2 scrolls of immolation {unknown}
 l - a scroll of noise {unknown}
Potions
 g - a potion of flight {unknown}
 i - 2 potions of haste {unknown}
 n - a potion of curing {unknown}
Comestibles
 c - 2 rations
 k - 9 chunks of flesh


   Skills:
 + Level 7.5(6.1) Fighting
 - Level 2.6(1.5) Long Blades
 + Level 2.8(1.6) Bows
 - Level 2.1(1.0) Armour
 - Level 1.5(0.4) Dodging


You had 5 spell levels left.
You didn't know any spells.

Dungeon Overview and Level Annotations

Branches:
Dungeon (4/15)
 Temple: D:4-7

Altars:
Uskayaw
Yredelemnul


Innate Abilities, Weirdness & Mutations

You are resistant to torment.
Your stone body is resilient. (AC +4)
You are immune to poison.
You resist negative energy. (rN+)
You are resistant to electric shocks. (rElec)
You can survive without breathing.
You are immune to petrification.
You are immune to rotting.


Message History

a flail; an orc corpse You sock the orc priest!
You freeze the orc priest.
The orc priest is almost dead.
The orc priest hits you but does no damage.
You sock the orc priest! You freeze the orc priest.
You kill the orc priest!
Trog accepts your kill. Something appears at your feet!
Trog grants you ammunition! The orc priest hits you with a trident.
Things that are here:
a trident; an orc corpse You thump the orc priest!
The orc priest's hands glow momentarily.
The orc priest is severely wounded.
The orc warrior hits you from afar with a trident!
* * * LOW HITPOINT WARNING * * *
The orc priest mumbles some strange prayers to Beogh against you.
Beogh smites you!
You die...

▒▒··▒▒·▒
▒·········▒
▒·▒·▒
····▒▒·▒
▒▒▒▒·▒··▒▒▒
▒·▒·▒
▒▒▒·▒▒·▒
▒····▒ ▒·▒·▒
▒·▒▒·▒▒
▒▒▒··▒·▒
▒·▒·▒ ▒·▒▒··▒
▒····▒·▒
▒·▒·▒
▒·▒▒▒·▒▒
▒·▒▒·▒·▒
▒·▒(▒▒▒▒ ▒·▒
▒··▒ ▒·▒··)·▒
▒···(··▒▒ ▒·▒
▒▒·▒▒▒···▒(·▒
▒▒··!····▒
▒·▒
▒·)▒▒··▒▒@·▒
▒·····>···
▒·▒
▒▒·····▒▒o·▒
▒····)§···
▒·▒
▒··▒·▒▒▒o·▒
▒·········
▒·▒ ▒··▒·▒
···▒
▒·········
··▒ ▒··▒·▒
···▒
▒·········
·▒▒
▒····▒▒···▒
▒········· ·
····▒▒▒···▒
▒···$····· ·<
··▒▒▒▒ ▒···▒
▒········· ·▒
▒·········


You could see an orc warrior and an orc priest.

Vanquished Creatures
  A bullfrog zombie (D:3)
  A gnoll shaman (D:2)
  3 orc priests (D:3)
  Crazy Yiuf (D:3)
  Natasha (thrice) (D:3 D:4)
  5 gnolls
  2 adders (D:3)
  An ooze (D:2)
  5 dart slugs
  2 leopard geckos (D:3)
  9 orcs
  2 ball pythons (D:1)
  9 bats
  4 giant cockroaches
  3 hobgoblins
  10 kobolds
  3 quokkas
  8 frilled lizards
  7 goblins
  9 rats
88 creatures vanquished.

Vanquished Creatures (others)
  A kobold (D:1)
1 creature vanquished.

Grand Total: 89 creatures vanquished

Notes
Turn   | Place    | Note
-------+----------+-------------------------------------------
     0 | D:1      | Azzok the Gargoyle Berserker began the quest for the Orb.
     0 | D:1      | Reached XP level 1. HP: 14/14 MP: 1/1
    47 | D:1      | Reached skill level 4 in Fighting
    47 | D:1      | Reached XP level 2. HP: 20/20 MP: 2/2
   412 | D:1      | Reached XP level 3. HP: 23/24 MP: 3/3
  1029 | D:2      | Reached skill level 5 in Fighting
  1038 | D:2      | Found a basalt altar of Yredelemnul.
  1091 | D:2      | Reached XP level 4. HP: 10/31 MP: 4/4
  1391 | D:2      | Reached ** piety under Trog
  1391 | D:2      | Reached skill level 6 in Fighting
  1395 | D:2      | Reached XP level 5. HP: 14/36 MP: 5/5
  1874 | D:3      | Noticed Natasha
  1886 | D:3      | Killed Natasha
  1920 | D:3      | Noticed Natasha
  1929 | D:3      | Killed Natasha
  2296 | D:3      | Found a runed door.
  2348 | D:3      | Noticed Crazy Yiuf
  2354 | D:3      | Killed Crazy Yiuf
  2354 | D:3      | Reached skill level 1 in Bows
  2354 | D:3      | Reached XP level 6. HP: 42/42 MP: 6/6
  2426 | D:3      | Reached skill level 7 in Fighting
  2476 | D:3      | Found a hide-covered altar of Uskayaw.
  2568 | D:3      | Noticed Natasha
  2585 | D:4      | Killed Natasha
  2960 | D:3      | Reached *** piety under Trog
  3023 | D:3      | Noticed an orc warrior
  3026 | D:3      | Received a gift from Trog
  3028 | D:3      | Killed from afar by an orc priest

Vault maps used:
D:1:      minmay_arrival_four_loops, serial_forest,
          infiniplex_forest_clump_double, infiniplex_forest_clump_medium,
          infiniplex_forest_lined_4_way, infiniplex_forest_zigzag_1,
          infiniplex_forest_lined_room_2, infiniplex_forest_lined_2,
          infiniplex_forest_lined_room_, infiniplex_forest_pool
D:2:      old_standard_altar
D:3:      nicolae_overflow_crystal_walls, uniq_natasha, uniq_crazy_yiuf_cottage
D:4:      kennysheep_mini_moat, minmay_temple_entry_large_hall, first_ration

Skill      XL: |  1  2  3  4  5  6 |
---------------+-------------------+-----
Fighting       | 4 5 6 7 |  7.5
Bows           | 1 2 |  2.8
Long Blades    | |  2.6
Armour         | |  2.1
Dodging        | |  1.5

Action                   |  1- 3 |  4- 6 || total
-------------------------+-------+-------++-------
Melee: Falchion          |   117 |    75 ||   192
       Quarterstaff      |       |    60 ||    60
Invok: Berserk           |     2 |     6 ||     8
  Eat: Chunk             |     1 |    12 ||    13
Armor: Animal skin       |    54 |    75 ||   129
Dodge: Dodged            |    91 |    87 ||   178
       Rpst.: Falchion   |    19 |    13 ||    32

Table legend:
 A = Spawn XP
 B = Non-spawn XP
 C = Spawn XP percentage of total XP
 D = Spawn monster count
 E = Non-spawn monster count
 F = Spawn count percentage of total count
 G = Total turns spent on level
                    A         B        C        D         E        F      G
               +---------+---------+-------+---------+---------+-------+---------
         Total |       0 |     589 |   0.0 |       0 |      88 |   0.0 |  3028
               +---------+---------+-------+---------+---------+-------+---------
           D:1 |       0 |      61 |   0.0 |       0 |      29 |   0.0 |  1024
           D:2 |       0 |     124 |   0.0 |       0 |      16 |   0.0 |   821
           D:3 |       0 |     367 |   0.0 |       0 |      41 |   0.0 |   871
           D:4 |       0 |      37 |   0.0 |       0 |       2 |   0.0 |   312
               +---------+---------+-------+---------+---------+-------+---------
